Map: Crête de Lerilak

Players

zidar

  • Race: Zerg Zerg
  • League: Silver
  • Spawn Location: 1:00

Ghullea - Winner!

  • Race: Protoss Protoss
  • Spawn Location: 11:00

VOD

Have the link to the VOD?

Description

Time

  • Played on: Feb. 18, 2016, 10:47 a.m.
  • Length: 9:42
Show
View Real Time Build Order
Export as new Build Order

zidar Zerg 

Build Orders: Hatch First 

Get SALT Encoding   

  12  0:01  Drone  
  13  0:12  Overlord  
  13  0:19  Drone  
  14  0:30  Drone x2  
  14  0:34  Drone  
  17  0:55  Hatchery  
  16  0:57  Drone  
  17  1:14  Spawning Pool  
  17  1:16  Drone  
  17  1:23  Extractor, Drone  
  17  1:26  Drone  
  18  1:36  Overlord  
  18  1:39  Drone  
  19  1:52  Drone  
  20  2:06  Queen  
  22  2:09  Queen  
  24  2:18  Drone x3  
  27  2:36  Metabolic Boost  
  27  2:38  Drone x2  
  27  2:39  Drone x2  
  31  3:03  Queen  
  33  3:06  Drone  
  33  3:09  Hatchery  
  33  3:10  Extractor  
  32  3:14  Extractor  
  28  3:26  Extractor  
  25  3:32  Zergling x4  
  25  3:33  Zergling x10  
  30  4:20  Roach Warren  
  30  4:31  Zergling x4  
  30  4:32  Zergling x8  
  35  4:54  Drone x3  
  38  5:09  Overlord x2  
  38  5:10  Overlord  
  25  5:36  Roach x4  
  25  5:37  Zergling x2  
  25  5:39  Zergling x2  
  35  5:49  Drone x2  
  37  5:54  Drone x2  
  39  5:58  Drone  
  40  6:20  Drone x7  
  39  6:48  Zergling x2  
  39  6:49  Zergling x22  
  49  7:05  Lair  
  49  7:09  Zergling x12  
  49  7:10  Zergling x2  
  56  7:42  Zergling x2  
  56  7:43  Zergling x2  
  58  7:45  Overlord x3  
  58  7:46  Overlord x2  
  48  8:00  Zergling x6  
  48  8:01  Zergling x12  
  47  8:20  Zergling x2  
  47  8:21  Zergling x22  
  37  8:58  Roach  
  37  8:59  Roach x11  
  58  9:05  Roach  
  58  9:06  Roach  
  58  9:07  Zergling x2  
  57  9:23  Spine Crawler x2  
Show
View Real Time Build Order
Export as new Build Order

Ghullea Protoss - Winner!

Build Orders:  

Get SALT Encoding   

  12  0:01  Probe (Chrono Boost)  
  13  0:11  Probe (Chrono Boost)  
  14  0:21  Pylon  
  14  0:22  Probe (Chrono Boost)  
  15  0:40  Gateway  
  15  0:42  Probe (Chrono Boost)  
  16  0:47  Assimilator  
  16  0:53  Probe (Chrono Boost)  
  17  1:03  Probe (Chrono Boost)  
  18  1:06  Gateway  
  18  1:14  Probe (Chrono Boost)  
  19  1:24  Probe (Chrono Boost)  
  20  1:31  Cybernetics Core  
  20  1:35  Probe (Chrono Boost)  
  20  1:36  Assimilator  
  21  1:47  Pylon  
  21  1:48  Probe (Chrono Boost)  
  22  2:11  Adept (Chrono Boost)  
  22  2:13  Probe (Chrono Boost)  
  22  2:15  Adept (Chrono Boost), Warp Gate  
  27  2:24  Mothership Core  
  29  2:39  Pylon  
  29  2:45  Probe  
  30  2:52  Nexus  
  30  3:04  Forge  
  30  3:29  Probe  
  31  3:48  Probe  
  32  3:56  Pylon  
  32  3:57  Pylon  
  32  4:00  Robotics Facility  
  30  4:08  Probe  
  28  4:10  Pylon, Probe  
  30  4:19  Protoss Ground Weapons Level 1  
  30  4:23  Gateway  
  30  4:24  Photon Cannon  
  30  4:27  Pylon  
  30  4:31  Sentry x2  
  34  4:34  Probe x2  
  36  4:48  Probe  
  36  4:49  Probe  
  36  4:51  Observer (Chrono Boost)  
  38  4:58  Probe  
  38  5:01  Probe  
  38  5:03  Sentry x2  
  44  5:09  Probe  
  44  5:13  Probe  
  44  5:26  Probe  
  44  5:27  Probe  
  40  5:28  Sentry x2  
  44  5:36  Probe  
  44  5:38  Immortal (Chrono Boost)  
  44  5:39  Probe  
  50  5:47  Gateway  
  50  5:49  Photon Cannon  
  50  5:52  Probe  
  50  5:53  Pylon, Probe  
  50  5:56  Assimilator  
  52  6:00  Pylon, Assimilator  
  52  6:03  Twilight Council  
  52  6:05  Gateway  
  52  6:17  Sentry x2  
  56  6:21  Adept  
  57  6:51  Stalker x4  
  57  6:52  Probe  
  57  6:53  Probe  
  67  7:03  Protoss Ground Armor Level 1  
  67  7:18  Pylon  
  67  7:25  Robotics Bay  
  67  7:37  Adept x2  
  67  7:38  Adept x2  
  67  7:40  Nexus  
  67  7:41  Pylon  
  75  7:45  Pylon  
  75  8:06  Probe  
  75  8:07  Probe  
  75  8:10  Adept x3  
  75  8:11  Pylon  
  83  8:15  Zealot  
  85  8:22  Colossus  
  91  8:30  Stalker  
  93  8:41  Photon Cannon  
  93  8:42  Photon Cannon  
  93  8:48  Stalker x2  
  95  9:03  Stalker x3  
  101  9:12  Pylon  
  101  9:30  Stalker x2  
  101  9:31  Stalker  
Tags
 
League
Silver
Matchup
PvZ
Spawn Locations
Close Positions
Add a new tag
Caveats
  • Supply blocks, unpowered buildings, or Contaminate may cause inaccurate times.
  • Supply counts are checked every 10 seconds.